 Dungeon Crawl Stone Soup version 0.27.1-2-g3b301248ec (webtiles) character file.

Game seed: 15326284076182285090

4962 Rickety the Magician (level 10, -2/74 HPs)
             Began as a Gnoll Venom Mage on Sept 23, 2021.
             Slain by a troll (11 damage)
             ... on level 11 of the Dungeon.
             The game lasted 00:30:59 (10071 turns).

Rickety the Magician (Gnoll Venom Mage)            Turns: 10071, Time: 00:31:00

Health: -2/74      AC:  8    Str:  7    XL:     10   Next: 53%
Magic:  18/21      EV: 20    Int: 18    God:
Gold:   333        SH:  0    Dex: 19    Spells: 11/23 levels left

rFire    . . .     SeeInvis .   a - +2 dagger (speed)
rCold    + . .     Faith    .   (no shield)
rNeg     . . .     Spirit   .   q - +2 robe {rC+}
rPois    .         Reflect  .   r - +2 helmet
rElec    .         Harm     .   J - +0 cloak
rCorr    .         Rampage  .   (no gloves)
Will     .....                  (no boots)
Stlth    ++++......             (no amulet)
HPRegen  0.22/turn              l - +4 ring of evasion
MPRegen  0.17/turn              t - +6 ring of dexterity

@: no status effects
A: fangs 1, strong nose, distributed training
a: no special abilities


You were on level 11 of the Dungeon.
You visited 1 branch of the dungeon, and saw 9 of its levels.

You collected 333 gold pieces.

Inventory:

Hand Weapons
 a - a +2 dagger of speed (weapon)
 b - a +0 whip of electrocution
 C - a +0 flail
 D - a +2 halberd of protection
 E - a +2 dagger of venom
 H - a +0 short sword of electrocution
Missiles
 A - 3 poisoned darts
Armour
 q - a +2 robe of cold resistance (worn)
 r - a +2 helmet (worn)
 J - a +0 cloak (worn)
Magical Staves
 x - a staff of death
 B - a staff of earth
Jewellery
 l - a +4 ring of evasion (left hand)
 t - a +6 ring of dexterity (right hand)
 w - an amulet of faith
 z - a ring of flight
 F - a ring of fire
 K - a ring of protection from fire
Wands
 o - a wand of iceblast (13)
 I - a wand of polymorph (9)
Scrolls
 c - a scroll of torment {unknown}
 g - a scroll of blinking {unknown}
 h - 3 scrolls of teleportation
 i - 2 scrolls of fog
 j - 2 scrolls of amnesia
 m - a scroll of brand weapon {unknown}
 s - 2 scrolls of enchant armour
 y - a scroll of magic mapping {unknown}
 G - a scroll of identify
Potions
 d - 3 potions of curing
 e - a potion of brilliance {unknown}
 f - 2 potions of haste
 k - 2 potions of cancellation
 n - a potion of invisibility {unknown}
 p - a potion of mutation {unknown}
 u - a potion of lignification {unknown}
 v - a potion of ambrosia {unknown}


   Skills:
 + Level 5.3 Fighting
 + Level 5.3 Short Blades
 + Level 5.3 Long Blades
 + Level 5.3 Axes
 + Level 5.3 Maces & Flails
 + Level 5.3 Polearms
 + Level 5.3 Staves
 + Level 5.3 Slings
 + Level 5.3 Bows
 + Level 5.3 Crossbows
 + Level 5.3 Throwing
 + Level 5.3 Armour
 + Level 7.1 Dodging
 + Level 6.9 Stealth
 + Level 5.3 Shields
 + Level 5.3 Unarmed Combat
 + Level 7.4 Spellcasting
 + Level 4.4 Conjurations
 + Level 4.4 Hexes
 + Level 4.4 Summonings
 + Level 4.4 Necromancy
 + Level 4.4 Translocations
 + Level 5.0 Transmutations
 + Level 4.4 Fire Magic
 + Level 4.4 Ice Magic
 + Level 4.4 Air Magic
 + Level 4.4 Earth Magic
 + Level 7.1 Poison Magic
 + Level 5.9 Invocations
 + Level 5.3 Evocations


You had 11 spell levels left.
You knew the following spells:

 Your Spells              Type           Power      Damage    Failure   Level
a - Sting                 Tmut/Pois      100%       1d8       1%          1
m - Mephitic Cloud        Conj/Pois/Air  25%        N/A       3%          3
v - Poisonous Vapours     Pois/Air       54%        N/A       1%          2
x - Olgreb's Toxic Radia  Pois           32%        N/A       5%          4
R - Corpse Rot            Necr/Air       N/A        N/A       2%          2

Your spell library contained the following spells:

 Spells                   Type           Power      Damage    Failure   Level
 Magic Dart               Conj           88%        1d7       1%          1
 Wereblood                Tmut           24%        N/A       1%          2
 Searing Ray              Conj           44%        3d4       2%          2
 Sublimation of Blood     Necr           11%        N/A       2%          2
 Stone Arrow              Conj/Erth      44%        3d9       4%          3
 Fulminant Prism          Conj/Hex       11%        3d9       17%         4
 Summon Ice Beast         Ice/Summ       22%        N/A       17%         4
 Bolt of Magma            Conj/Fire/Erth 11%        4d7       43%         5
 Freezing Cloud           Conj/Ice/Air   11%        6-21      43%         5
 Lee's Rapid Deconstruct  Erth           11%        3d9*      43%         5
 Ozocubu's Refrigeration  Ice            11%        4d7       100%        7
 Summon Hydra             Summ           11%        N/A       100%        7
 Shatter                  Erth           11%        3d12*     100%        9


Dungeon Overview and Level Annotations

Branches:
Dungeon (11/15)
 Temple: D:4-7         Lair: D:8-11         Orc: D:9-12

Altars:
The Shining One

Shops:
D:6 [:

Annotations:
D:10 Nergalle


Innate Abilities, Weirdness & Mutations

You have very sharp teeth.
Your uncanny sense of smell can sniff out nearby items.
Your experience applies equally to all skills.


Message History

Okay, then.
Casting: Mephitic Cloud (dangerous; 3% risk of failure)
Confirm with . or Enter, or press ? or * to list all spells.
Okay, then.
Aiming: Sting (safe; 1% risk of failure)
Press: ? - help, Q - select action, (/) - cycle Shift-Dir - straight line, f - troll
Aim: a troll (heavily wounded, poisoned, 78% to hit)
The sting hits the troll.
The troll looks even sicker.
The troll is heavily wounded.
The troll bites you. The troll claws you but does no damage.
The troll closely misses you.
Aiming: Sting (safe; 1% risk of failure)
Press: ? - help, Q - select action, (/) - cycle Shift-Dir - straight line, f/p - troll
Aim: a troll (heavily wounded, very poisoned, 78% to hit)
The sting misses the troll.
The troll bites you but does no damage. The troll misses you.
The troll claws you!
Aiming: Sting (safe; 1% risk of failure)
Press: ? - help, Q - select action, (/) - cycle Shift-Dir - straight line, f/p - troll
Aim: a troll (heavily wounded, poisoned, 78% to hit)
The sting hits the troll!
The troll looks even sicker.
The troll is severely wounded.
The troll bites you! The troll closely misses you.
The troll completely misses you.
Aiming: Sting (safe; 1% risk of failure)
Press: ? - help, Q - select action, (/) - cycle Shift-Dir - straight line, f/p - troll
Aim: a troll (severely wounded, poisoned, 78% to hit)
The sting hits the troll.
The troll looks even sicker.
The troll is severely wounded.
The troll bites you! The troll completely misses you. The troll misses you.
Unknown command.
There is an open door here.
You open the door. The troll misses you. x3
The troll bites you!
* * * LOW HITPOINT WARNING * * *
The troll claws you!
* * * LOW HITPOINT WARNING * * *
The troll claws you but does no damage. The troll bites you!
You die...

# ._........#...#.........
...#.....##...#.........
####8.....#...#.......## #
##...#######.......# #
#...###...........# #
#....##...........#
##..########......# # ##...##
#...#......#####.# #
#.....###..@'............# #
#...####'.T.#............# #
##...## ##...#............# #
##.....# #...#............# #
#....### #...#......#####.# #
##....# ######..#''##...# #
#....## #.......#.......#
###....######.......#......##
.....#..............#......#


You could see a troll (poisoned).

Vanquished Creatures
  Pikel (D:6)
  A hornet (D:7)
  A shadow (D:11)
  6 yaks
  Sigmund (D:3)
  Eustachio (D:5)
  Menkaure (D:5)
  5 black bears
  A necrophage (D:6)
  An orc warrior (D:10)
  2 ogres
  An ice beast (D:6)
  A kobold brigand (D:4)
  A gnoll sergeant (D:5)
  3 scorpions
  A wyvern skeleton (D:6)
  3 howler monkeys (D:10)
  3 centaur zombies
  2 bullfrog skeletons (D:5)
  2 hounds
  A jelly (D:6)
  An orc priest (D:5)
  Crazy Yiuf (D:6)
  A centaur skeleton (D:5)
  Jessica (D:3)
  Terence (D:3)
  3 iguanas
  6 orc wizards
  2 killer bee zombies (D:6)
  2 hound zombies (D:4)
  2 hound skeletons
  Robin (D:3)
  4 gnolls (D:5)
  12 adders
  A white imp (D:5)
  2 worms (D:2)
  A dart slug (D:3)
  15 orcs
  13 endoplasms
  2 giant cockroaches
  14 goblins
  13 hobgoblins
  4 jackals (D:1)
  8 quokkas
  8 ball pythons
  8 bats
  10 kobolds
  5 rats
180 creatures vanquished.

Notes
Turn   | Place    | Note
-------+----------+-------------------------------------------
     0 | D:1      | Rickety the Gnoll Venom Mage began the quest for the Orb.
     0 | D:1      | Reached XP level 1. HP: 13/13 MP: 6/6
   139 | D:1      | Reached XP level 2. HP: 19/19 MP: 2/7
   142 | D:1      | Learned a level 2 spell: Poisonous Vapours
   859 | D:1      | Reached XP level 3. HP: 25/25 MP: 3/9
   863 | D:1      | Learned a level 3 spell: Mephitic Cloud
  1040 | D:1      | Reached skill level 5 in Spellcasting
  1799 | D:2      | Reached skill level 1 in Invocations
  2055 | D:2      | Reached skill level 1 in Fighting
  2055 | D:2      | Reached skill level 1 in Short Blades
  2055 | D:2      | Reached skill level 1 in Long Blades
  2055 | D:2      | Reached skill level 1 in Axes
  2055 | D:2      | Reached skill level 1 in Maces & Flails
  2055 | D:2      | Reached skill level 1 in Polearms
  2055 | D:2      | Reached skill level 1 in Staves
  2055 | D:2      | Reached skill level 1 in Slings
  2055 | D:2      | Reached skill level 1 in Bows
  2055 | D:2      | Reached skill level 1 in Crossbows
  2055 | D:2      | Reached skill level 1 in Throwing
  2055 | D:2      | Reached skill level 1 in Armour
  2055 | D:2      | Reached skill level 1 in Shields
  2055 | D:2      | Reached skill level 1 in Unarmed Combat
  2055 | D:2      | Reached skill level 1 in Evocations
  2176 | D:2      | Noticed an ogre
  2195 | D:2      | Killed an ogre
  2196 | D:2      | Reached skill level 1 in Conjurations
  2196 | D:2      | Reached skill level 1 in Hexes
  2196 | D:2      | Reached skill level 1 in Summonings
  2196 | D:2      | Reached skill level 1 in Necromancy
  2196 | D:2      | Reached skill level 1 in Translocations
  2196 | D:2      | Reached skill level 1 in Fire Magic
  2196 | D:2      | Reached skill level 1 in Ice Magic
  2196 | D:2      | Reached skill level 1 in Air Magic
  2196 | D:2      | Reached skill level 1 in Earth Magic
  2196 | D:2      | Reached XP level 4. HP: 32/32 MP: 2/11
  2196 | D:2      | Reached XP level 5. HP: 37/37 MP: 2/12
  2762 | D:2      | Found a faded altar of an unknown god.
  2987 | D:3      | Noticed Terence
  2999 | D:3      | Killed Terence
  3027 | D:3      | Noticed Jessica
  3050 | D:3      | Killed Jessica
  3496 | D:3      | Reached XP level 6. HP: 44/44 MP: 2/13
  3926 | D:3      | Noticed Sigmund
  4006 | D:3      | Killed Sigmund
  4007 | D:3      | Reached skill level 5 in Dodging
  4455 | D:3      | Noticed Robin
  4475 | D:3      | Killed Robin
  4585 | D:4      | Noticed a black bear
  4598 | D:4      | Killed a black bear
  4599 | D:4      | Reached XP level 7. HP: 51/51 MP: 2/15
  4874 | D:4      | Found a large runed translucent door.
  4874 | D:4      | Found a large runed translucent door.
  4881 | D:4      | Found a large runed translucent door.
  5150 | D:4      | Reached skill level 5 in Stealth
  5430 | D:4      | Found a large runed translucent door.
  5900 | D:4      | Reached XP level 8. HP: 57/57 MP: 16/16
  6091 | D:4      | Learned a level 4 spell: Olgreb's Toxic Radiance
  6094 | D:4      | Learned a level 2 spell: Corpse Rot
  6095 | D:5      | Entered Level 5 of the Dungeon
  6186 | D:5      | Noticed Eustachio
  6306 | D:5      | Noticed a yak
  6309 | D:5      | Noticed a yak
  6311 | D:5      | Noticed a yak
  6311 | D:5      | Noticed a yak
  6323 | D:5      | Noticed a yak
  6328 | D:5      | Killed a yak
  6576 | D:5      | Noticed a yak
  6619 | D:5      | Killed a yak
  6925 | D:4      | Killed a yak
  6926 | D:4      | Reached XP level 9. HP: 46/65 MP: 16/18
  7353 | D:5      | Killed Eustachio
  7566 | D:5      | Noticed Menkaure
  7590 | D:5      | Killed Menkaure
  7606 | D:5      | Got the Papyrus of Frigorific Stones
  7844 | D:5      | Reached skill level 5 in Invocations
  8165 | D:6      | Found Biasha's Book Boutique.
  8393 | D:6      | Found Dabaer's Armour Emporium.
  8516 | D:6      | Noticed Pikel
  8527 | D:6      | Killed Pikel
  8528 | D:6      | Reached XP level 10. HP: 50/73 MP: 16/20
  8703 | D:6      | Found a runed translucent door.
  8704 | D:6      | Noticed Crazy Yiuf
  8898 | D:6      | Killed Crazy Yiuf
  9071 | D:7      | Reached skill level 5 in Fighting
  9071 | D:7      | Reached skill level 5 in Short Blades
  9071 | D:7      | Reached skill level 5 in Long Blades
  9071 | D:7      | Reached skill level 5 in Axes
  9071 | D:7      | Reached skill level 5 in Maces & Flails
  9071 | D:7      | Reached skill level 5 in Polearms
  9071 | D:7      | Reached skill level 5 in Staves
  9071 | D:7      | Reached skill level 5 in Slings
  9071 | D:7      | Reached skill level 5 in Bows
  9071 | D:7      | Reached skill level 5 in Crossbows
  9071 | D:7      | Reached skill level 5 in Throwing
  9071 | D:7      | Reached skill level 5 in Armour
  9071 | D:7      | Reached skill level 5 in Shields
  9071 | D:7      | Reached skill level 5 in Unarmed Combat
  9071 | D:7      | Reached skill level 5 in Evocations
  9127 | D:7      | You fall into a shaft and drop 3 floors!
  9127 | D:10     | Entered Level 10 of the Dungeon
  9143 | D:10     | Noticed a centaur warrior
  9148 | D:10     | Paralysed by a floating eye for 2 turns
  9155 | D:10     | Noticed Nergalle
  9573 | D:11     | Found a glowing golden altar of the Shining One.
  9945 | D:11     | Reached skill level 5 in Transmutations
 10071 | D:11     | Slain by a troll

Illustrated notes

Levels and vault maps discovered:
D:1:      minmay_arrival_shoal_huts, layout_loops_ring, skrybe_limestone_x
D:2:      layout_basic, hellmonk_ecumenical_altar_pennies_from_heaven
D:3:      layout_loops_cross, kennysheep_jessica_study, uniq_robin,
          uniq_terence, uniq_sigmund, uniq_jessica
D:4:      layout_cave_pools, st_stairs_11, minmay_hollow_rounded_squares
D:5:      minmay_chambers_of_fours, layout_rooms, uniq_menkaure, uniq_eustachio
D:6:      layout_rooms, serial_shops, nicolae_shop_waterfront,
          minmay_misc_feat_nine_boxes, kennysheep_windowed_goal, uniq_pikel,
          uniq_crazy_yiuf_cottage
D:7:      layout_rooms, minmay_temple_entry_overgrown, enter_bailey_6,
          due_unseen_surprise
D:10:     layout_big_octagon, serial_rivers, chequers_serial_rivers_room_b,
          chequers_serial_rivers_marsh, chequers_serial_rivers_large_b,
          chequers_serial_rivers_room_a, disabler_island, uniq_nergalle
D:11:     layout_irregular_city, grunt_ministairs_3,
          nicolae_tso_carved_into_rock

Skill      XL: |  1  2  3  4  5  6  7  8  9 10 |
---------------+-------------------------------+-----
Transmutations | 2 3 4 5 |  5.0
Spellcasting   | 5 6 7 |  7.4
Invocations    | 1 2 3 4 5 |  5.9
Fighting       | 1 2 3 4 5 |  5.3
Short Blades   | 1 2 3 4 5 |  5.3
Long Blades    | 1 2 3 4 5 |  5.3
Axes           | 1 2 3 4 5 |  5.3
Maces & Flails | 1 2 3 4 5 |  5.3
Polearms       | 1 2 3 4 5 |  5.3
Staves         | 1 2 3 4 5 |  5.3
Slings         | 1 2 3 4 5 |  5.3
Bows           | 1 2 3 4 5 |  5.3
Crossbows      | 1 2 3 4 5 |  5.3
Throwing       | 1 2 3 4 5 |  5.3
Armour         | 1 2 3 4 5 |  5.3
Shields        | 1 2 3 4 5 |  5.3
Unarmed Combat | 1 2 3 4 5 |  5.3
Evocations     | 1 2 3 4 5 |  5.3
Conjurations   | 1 2 3 4 |  4.4
Hexes          | 1 2 3 4 |  4.4
Summonings     | 1 2 3 4 |  4.4
Necromancy     | 1 2 3 4 |  4.4
Translocations | 1 2 3 4 |  4.4
Fire Magic     | 1 2 3 4 |  4.4
Ice Magic      | 1 2 3 4 |  4.4
Air Magic      | 1 2 3 4 |  4.4
Earth Magic    | 1 2 3 4 |  4.4
Dodging        | 5 6 7 |  7.1
Stealth        | 5 6 |  6.9
Poison Magic   | 6 7 |  7.1

Action                   |  1- 3 |  4- 6 |  7- 9 | 10-12 || total
-------------------------+-------+-------+-------+-------++-------
Melee: Dagger            |    29 |    86 |   120 |    16 ||   251
       Bite              |     3 |     5 |    25 |     4 ||    37
       Punch             |       |     1 |     2 |     3 ||     6
       Short sword       |       |       |    83 |       ||    83
       Whip              |       |       |       |    47 ||    47
 Cast: Sting             |    32 |    19 |   102 |    15 ||   168
       Poisonous Vapours |    44 |    43 |    49 |     2 ||   138
       Mephitic Cloud    |       |    10 |     9 |     4 ||    23
       Corpse Rot        |       |       |     1 |       ||     1
       Olgreb's Toxic Ra |       |       |     1 |     3 ||     4
  Use: Scroll            |       |       |     4 |     2 ||     6
       Potion            |       |       |       |     1 ||     1
 Stab: Sleeping          |     1 |     2 |     8 |     2 ||    13
       Confused          |       |       |     7 |     1 ||     8
Armor: Robe              |     3 |    15 |    50 |    43 ||   111
Dodge: Dodged            |    29 |    59 |   235 |    77 ||   400
